 Dungeon Crawl Stone Soup version 0.23.0 (webtiles) character file.

Game seed: 4409054511001543139

1792 Lanoc the Shield-Bearer (level 9, 0/73 HPs)
             Began as a Gnoll Fighter on Feb 13, 2019.
             Was a Believer of Makhleb.
             Slain by a hound (3 damage)
             ... on level 8 of the Dungeon.
             The game lasted 00:09:18 (4294 turns).

Lanoc the Shield-Bearer (Gnoll Fighter)             Turns: 4294, Time: 00:09:19

Health: 0/73       AC:  4    Str: 21    XL:     9   Next: 9%
Magic:  14/14      EV: 16    Int: 12    God:    Makhleb [**....]
Gold:   201        SH: 13    Dex: 19    Spells: 15/15 levels left

rFire    . . .     SeeInvis .   u - +4 scimitar
rCold    . . .     Gourm    .   c - +1 shield
rNeg     . . .     Faith    .   b - +0 scale mail
rPois    .         Spirit   .   (no helmet)
rElec    .         Reflect  .   l - scarf {cloud immunity}
rCorr    +         Harm     .   (no gloves)
MR       .....                  (no boots)
Stlth    ++........             (no amulet)
HPRegen  0.22/turn              t - ring of resist corrosion
MPRegen  0.14/turn              n - -4 ring of protection (curse)

@: agile
A: distributed training, fangs 1, strong nose
a: Minor Destruction, Renounce Religion


You were on level 8 of the Dungeon.
You worshipped Makhleb.
Makhleb was pleased with you.
You were not hungry.

You visited 1 branch of the dungeon, and saw 6 of its levels.
You also visited: Ossuary.

You collected 253 gold pieces.
You spent 52 gold pieces at shops.

Inventory:

Hand Weapons
 u - a +4 scimitar (weapon)
Missiles
 g - 55 arrows
 o - 26 bolts
Armour
 b - a +0 scale mail (worn)
 c - a +1 shield (worn)
 l - a scarf of cloud immunity (worn)
 y - a +2 robe of the Archmagi
Jewellery
 n - a cursed -4 ring of protection (right hand)
 t - a ring of resist corrosion (left hand)
Wands
 a - a wand of iceblast (8)
Scrolls
 e - 5 scrolls of teleportation
 i - a scroll of immolation
 j - 3 scrolls of identify
 m - a scroll of enchant armour
 q - a scroll of fear
 r - a scroll of amnesia
 s - a scroll of random uselessness {unknown}
Potions
 d - 6 potions of flight
 h - a potion of ambrosia
 k - 2 potions of mutation
 v - a potion of agility
 w - 2 potions of invisibility
 x - 2 potions of curing
 z - a potion of cancellation
 A - a potion of might
 B - a potion of lignification {unknown}
Comestibles
 f - 8 rations


   Skills:
 + Level 7.6 Fighting
 + Level 3.8 Short Blades
 + Level 6.0 Long Blades
 + Level 3.8 Axes
 + Level 3.8 Maces & Flails
 + Level 3.8 Polearms
 + Level 3.8 Staves
 + Level 3.8 Slings
 + Level 3.8 Bows
 + Level 3.8 Crossbows
 + Level 3.8 Throwing
 + Level 7.6 Armour
 + Level 3.8 Dodging
 + Level 3.8 Stealth
 + Level 7.6 Shields
 + Level 3.8 Unarmed Combat
 + Level 3.8 Spellcasting
 + Level 3.1 Conjurations
 + Level 3.1 Hexes
 + Level 3.1 Charms
 + Level 3.1 Summonings
 + Level 3.1 Necromancy
 + Level 3.1 Translocations
 + Level 3.1 Transmutations
 + Level 3.1 Fire Magic
 + Level 3.1 Ice Magic
 + Level 3.1 Air Magic
 + Level 3.1 Earth Magic
 + Level 3.1 Poison Magic
 + Level 4.2 Invocations
 + Level 3.8 Evocations


You had 15 spell levels left.
You didn't know any spells.
Your spell library contained the following spells:

 Spells                   Type           Power        Failure   Level  Hunger
 Animate Skeleton         Necr           N/A          36%         1    #......
 Apportation              Tloc           #.....       36%         1    #......
 Confusing Touch          Hex            #.....       36%         1    #......
 Summon Small Mammal      Summ           #...         36%         1    #......
 Poisonous Vapours        Pois/Air       #.....       52%         2    ##.....
 Conjure Flame            Conj/Fire      #.......     75%         3    ###....
 Mephitic Cloud           Conj/Pois/Air  #.......     75%         3    ###....
 Freezing Cloud           Conj/Ice/Air   #.........   100%        6    #######
 Ring of Flames           Chrm/Fire      #.........   100%        7    #######


Dungeon Overview and Level Annotations

Branches:
Dungeon (8/15)
 Temple: D:4-7         Lair: D:8-11

Altars:
Fedhas
Makhleb
Qazlal
Vehumet
Wu Jian
Xom

Shops:
D:5 ?


Innate Abilities, Weirdness & Mutations

Your experience applies equally to all skills.
You have very sharp teeth.
Your uncanny sense of smell can sniff out nearby items.


Message History

Aim: a two-headed ogre, wielding two +0 giant clubs (moderately wounded)
The stone arrow hits the two-headed ogre!
The two-headed ogre is heavily wounded.
The two-headed ogre completely misses you.
The two-headed ogre hits you with a +0 giant club!
* * * LOW HITPOINT WARNING * * *
The hound bites you.
* * * LOW HITPOINT WARNING * * *
You feel much better. The hound barely misses you.
The two-headed ogre hits you with a +0 giant club!!
* * * LOW HITPOINT WARNING * * *
The two-headed ogre closely misses you. You block the hound's attack.
You feel much better. You block the hound's attack.
The two-headed ogre hits you with a +0 giant club!
* * * LOW HITPOINT WARNING * * *
The two-headed ogre hits you with a +0 giant club!
* * * LOW HITPOINT WARNING * * *
You feel agile all of a sudden. The hound bites you.
You die...

## #.........## #.#
#.#######..# #.#
#.#.....#).# ###
#.##.#.....#..# ..#
##...#.#.#.#..#
#.###.#..#.#.#.#..#
#.#.###.###.###..#
#h###...........#
#@# #.#####.#...#
#O# #.# #...###
#.###.## #.###
#.##...####.##
#....#........
####...####.##
##.## #.# #.# #.#
###########.#####.#


You could see a two-headed ogre and a hound.

Vanquished Creatures
  Psyche (D:8)
  Grinder (D:3)
  An ice beast (D:8)
  2 ogres (D:5)
  A centaur (D:4)
  2 scorpions
  A bullfrog zombie (Ossuary)
  A crimson imp (D:5)
  A jelly (D:8)
  A hound (D:3)
  3 orc wizards (D:5)
  Natasha (twice) (D:2)
  A worker ant (D:5)
  A killer bee zombie (Ossuary)
  2 hound zombies (Ossuary)
  12 mummies (Ossuary)
  A howler monkey zombie (Ossuary)
  2 worker ant zombies (Ossuary)
  3 gnolls (D:4)
  8 adders
  An ooze (D:3)
  4 adder zombies (Ossuary)
  An adder skeleton (D:4)
  2 worms
  3 leopard geckos
  17 orcs
  4 ball pythons
  3 giant cockroaches
  2 goblins
  7 hobgoblins
  17 jackals
  4 quokkas
  7 bats
  6 frilled lizards
  A giant cockroach zombie (Ossuary)
  A jackal zombie (Ossuary)
  9 kobolds
  A leopard gecko zombie (Ossuary)
  2 quokka zombies
  6 rats
  A rat zombie (D:8)
146 creatures vanquished.

Vanquished Creatures (others)
  3 withered plants (Ossuary)
3 creatures vanquished.

Grand Total: 149 creatures vanquished

Notes
Turn   | Place    | Note
-------+----------+-------------------------------------------
     0 | D:1      | Lanoc the Gnoll Fighter began the quest for the Orb.
     0 | D:1      | Reached XP level 1. HP: 23/23 MP: 1/1
    87 | D:1      | Reached XP level 2. HP: 27/29 MP: 2/2
   705 | D:2      | Noticed Natasha
   717 | D:2      | Killed Natasha
   717 | D:2      | Reached skill level 1 in Invocations
   717 | D:2      | Reached XP level 3. HP: 24/35 MP: 2/4
   919 | D:2      | Reached skill level 1 in Short Blades
   919 | D:2      | Reached skill level 1 in Axes
   919 | D:2      | Reached skill level 1 in Maces & Flails
   919 | D:2      | Reached skill level 1 in Polearms
   919 | D:2      | Reached skill level 1 in Staves
   919 | D:2      | Reached skill level 1 in Slings
   919 | D:2      | Reached skill level 1 in Bows
   919 | D:2      | Reached skill level 1 in Crossbows
   919 | D:2      | Reached skill level 1 in Throwing
   919 | D:2      | Reached skill level 1 in Dodging
   919 | D:2      | Reached skill level 1 in Stealth
   919 | D:2      | Reached skill level 1 in Unarmed Combat
   919 | D:2      | Reached skill level 1 in Spellcasting
   919 | D:2      | Reached skill level 1 in Evocations
   935 | D:2      | Reached XP level 4. HP: 25/41 MP: 5/5
  1134 | D:2      | Noticed Natasha
  1146 | D:2      | Killed Natasha
  1146 | D:2      | Reached skill level 1 in Conjurations
  1146 | D:2      | Reached skill level 1 in Hexes
  1146 | D:2      | Reached skill level 1 in Charms
  1146 | D:2      | Reached skill level 1 in Summonings
  1146 | D:2      | Reached skill level 1 in Necromancy
  1146 | D:2      | Reached skill level 1 in Translocations
  1146 | D:2      | Reached skill level 1 in Transmutations
  1146 | D:2      | Reached skill level 1 in Fire Magic
  1146 | D:2      | Reached skill level 1 in Ice Magic
  1146 | D:2      | Reached skill level 1 in Air Magic
  1146 | D:2      | Reached skill level 1 in Earth Magic
  1146 | D:2      | Reached skill level 1 in Poison Magic
  1343 | D:3      | Reached XP level 5. HP: 47/47 MP: 6/6
  1411 | D:3      | Found a burning altar of Makhleb.
  1436 | D:3      | Became a worshipper of Makhleb the Destroyer
  1568 | D:3      | Reached XP level 6. HP: 16/53 MP: 8/8
  1947 | D:3      | Noticed Grinder
  1954 | D:3      | Paralysed by Grinder for 7 turns
  1962 | D:3      | Killed Grinder
  1962 | D:3      | Reached skill level 5 in Long Blades
  1987 | D:3      | Reached XP level 7. HP: 59/59 MP: 10/10
  2293 | D:4      | Found a radiant altar of Vehumet.
  2317 | D:4      | Reached * piety under Makhleb
  2752 | D:4      | Found an ornate altar of the Wu Jian Council.
  2772 | D:4      | Found a shimmering altar of Xom.
  2874 | D:5      | Entered Level 5 of the Dungeon
  2959 | D:5      | Found a stormy altar of Qazlal.
  3091 | D:5      | Found a blossoming altar of Fedhas.
  3272 | D:5      | Reached XP level 8. HP: 54/67 MP: 12/12
  3295 | D:5      | Reached ** piety under Makhleb
  3339 | D:5      | Found Dide's Magic Scroll Boutique.
  3500 | D:5      | Bought a scroll of identify for 26 gold pieces
  3500 | D:5      | Bought a scroll of identify for 26 gold pieces
  3571 | D:5      | You fall through a shaft for 3 floors!
  3648 | D:8      | Found a sand-covered staircase.
  3661 | Ossuary  | Entered an ossuary
  4202 | D:8      | Noticed Psyche
  4210 | D:8      | Killed Psyche
  4210 | D:8      | Reached XP level 9. HP: 59/73 MP: 14/14
  4285 | D:8      | Noticed a two-headed ogre
  4292 | D:8      | HP: 2/73 [two-headed ogre/+0 giant club (27)]
  4294 | D:8      | Slain by a hound

Skill      XL: |  1  2  3  4  5  6  7  8 |
---------------+-------------------------+-----
Invocations    | 1 2 3 4 |  4.2
Short Blades   | 1 2 3 |  3.8
Axes           | 1 2 3 |  3.8
Maces & Flails | 1 2 3 |  3.8
Polearms       | 1 2 3 |  3.8
Staves         | 1 2 3 |  3.8
Slings         | 1 2 3 |  3.8
Bows           | 1 2 3 |  3.8
Crossbows      | 1 2 3 |  3.8
Throwing       | 1 2 3 |  3.8
Dodging        | 1 2 3 |  3.8
Stealth        | 1 2 3 |  3.8
Unarmed Combat | 1 2 3 |  3.8
Spellcasting   | 1 2 3 |  3.8
Evocations     | 1 2 3 |  3.8
Conjurations   | 1 2 3 |  3.1
Hexes          | 1 2 3 |  3.1
Charms         | 1 2 3 |  3.1
Summonings     | 1 2 3 |  3.1
Necromancy     | 1 2 3 |  3.1
Translocations | 1 2 3 |  3.1
Transmutations | 1 2 3 |  3.1
Fire Magic     | 1 2 3 |  3.1
Ice Magic      | 1 2 3 |  3.1
Air Magic      | 1 2 3 |  3.1
Earth Magic    | 1 2 3 |  3.1
Poison Magic   | 1 2 3 |  3.1
Long Blades    | 5 6 |  6.0
Fighting       | 7 |  7.6
Armour         | 7 |  7.6
Shields        | 7 |  7.6

Action                   |  1- 3 |  4- 6 |  7- 9 || total
-------------------------+-------+-------+-------++-------
Melee: Long sword        |    84 |   102 |    73 ||   259
       Bite              |    12 |    10 |    33 ||    55
       Scimitar          |       |       |   177 ||   177
Invok: Minor Destruction |       |       |     2 ||     2
  Use: Potion            |       |     1 |     7 ||     8
       Scroll            |       |       |    14 ||    14
  Eat: Chunk             |       |     4 |     5 ||     9
       Ration            |       |       |     1 ||     1
Armor: Scale mail        |    22 |    49 |    42 ||   113
Dodge: Dodged            |    25 |    49 |    93 ||   167
Block: Shield            |    65 |    73 |   132 ||   270
       Rpst.: Long sword |     7 |    16 |    12 ||    35
       Scimitar          |       |       |    17 ||    17
